 Dungeon Crawl Stone Soup version 0.27-a0-1036-g8e1b44f6bd (webtiles) character file.

Game seed: 3673118698175030706

98 tardwrangler69 the Digger (level 4, 0/33 HPs)
             Began as a Draconian Earth Elementalist on Apr 18, 2021.
             Succumbed to a scorpion's poison
             ... on level 3 of the Dungeon.
             The game lasted 00:02:49 (3095 turns).

tardwrangler69 the Digger (DrEE)                    Turns: 3095, Time: 00:02:50

Health: 0/33       AC:  5    Str: 10    XL:     4   Next: 43%
Magic:  2/8        EV: 12    Int: 16    God:
Gold:   114        SH:  0    Dex: 12    Spells: 8/9 levels left

rFire    . . .     SeeInvis .   k - +0 whip
rCold    + . .     Faith    .   (no shield)
rNeg     . . .     Spirit   .   (armour unavailable)
rPois    .         Reflect  .   (helmet restricted)
rElec    .         Harm     .   (no cloak)
rCorr    .         Rampage  .   (no gloves)
Will     .....                  (no boots)
Stlth    ++........             (no amulet)
HPRegen  0.11/turn              j - ring of protection from cold
MPRegen  0.11/turn              (no ring)

@: lethally poisoned (0 -> -24)
A: AC +5, unfitting armour, cold-blooded
a: no special abilities


You were on level 3 of the Dungeon.
You visited 1 branch of the dungeon, and saw 3 of its levels.

You collected 114 gold pieces.

Inventory:

Hand Weapons
 k - a +0 whip (weapon)
Missiles
 b - 108 stones
Jewellery
 j - a ring of protection from cold (left hand)
Scrolls
 c - 3 scrolls of identify {unknown}
 d - 2 scrolls of teleportation {unknown}
 f - a scroll of fog {unknown}
 g - a scroll of amnesia {unknown}
 h - a scroll of torment {unknown}
Potions
 e - a potion of brilliance {unknown}
 i - a potion of lignification {unknown}


   Skills:
 - Level 1.7 Dodging
 - Level 1.7 Stealth
 + Level 3.0 Spellcasting
 - Level 1.0 Transmutations
 * Level 4.6 Earth Magic


You had 8 spell levels left.
You knew the following spells:

 Your Spells              Type           Power      Damage    Failure   Level
a - Sandblast             Erth           34%        2d9       2%          1

Your spell library contained the following spells:

 Spells                   Type           Power      Damage    Failure   Level
 Passwall                 Tmut/Erth      9%         N/A       9%          2
 Stone Arrow              Conj/Erth      18%        3d8       22%         3
 Petrify                  Tmut/Erth      11%        N/A       50%         4
 Lee's Rapid Deconstruct  Erth           8%         3d8*      58%         5


Dungeon Overview and Level Annotations

Branches:
Dungeon (3/15)

Altars:


Innate Abilities, Weirdness & Mutations

Your plain brown scales are hard. (AC +5)
You cannot fit into any form of body armour.
You are cold-blooded and may be slowed by cold attacks.


Message History

The blast of sand hits the scorpion.
The scorpion is heavily wounded.
You feel sick. The scorpion closely misses you. The scorpion barely misses you.
Casting: Sandblast (safe; 2% risk of failure)
Confirm with . or Enter, or press ? or * to list all spells.
Aiming: Sandblast (safe; 2% risk of failure)
Press: ? - help, Shift-Dir - straight line, f/p - scorpion
Aim: a scorpion (heavily wounded, 79% to hit)
The blast of sand misses the scorpion.
You feel sick. The scorpion stings you.
You are more poisoned.
The scorpion poisons you!
Casting: Sandblast (safe; 2% risk of failure)
Confirm with . or Enter, or press ? or * to list all spells.
Aiming: Sandblast (safe; 2% risk of failure)
Press: ? - help, Shift-Dir - straight line, f/p - scorpion
Aim: a scorpion (heavily wounded, 79% to hit)
The blast of sand hits the scorpion but does no damage.
The scorpion is heavily wounded.
You feel very sick. The scorpion stings you.
Casting: Sandblast (safe; 2% risk of failure)
Confirm with . or Enter, or press ? or * to list all spells.
Aiming: Sandblast (safe; 2% risk of failure)
Press: ? - help, Shift-Dir - straight line, f/p - scorpion
Aim: a scorpion (heavily wounded, 79% to hit)
The blast of sand hits the scorpion.
The scorpion is heavily wounded.
You feel very sick. The scorpion stings you.
* * * LOW HITPOINT WARNING * * *
You are more poisoned.
The scorpion poisons you!
Casting: Sandblast (safe; 2% risk of failure)
Confirm with . or Enter, or press ? or * to list all spells.
Aiming: Sandblast (safe; 2% risk of failure)
Press: ? - help, Shift-Dir - straight line, f/p - scorpion
Aim: a scorpion (heavily wounded, 79% to hit)
The blast of sand hits the scorpion but does no damage.
The scorpion is heavily wounded.
You die...

####.# #.....#
#....# #....#
#.....# #.##.#
#.##.# #.....#
#.##.#
#.##.##.#
####### #.....
#.......###
####<#
####......#
#.# #.##.#.#
#.#
#.#.#..###.###
#.#
#..###@.......
#.# #.#
#s.###.##. ..#
#. #.#.# ### #
<....# ### ###


You could see a scorpion.

Vanquished Creatures
  An iguana (D:2)
  2 adders (D:2)
  An adder skeleton (D:2)
  A dart slug (D:2)
  An endoplasm (D:1)
  3 goblins (D:1)
  6 hobgoblins
  7 jackals (D:1)
  A quokka (D:2)
  7 ball pythons
  4 bats
  7 frilled lizards
  5 kobolds
  3 rats
49 creatures vanquished.

Notes
Turn   | Place    | Note
-------+----------+-------------------------------------------
     0 | D:1      | tardwrangler69 the Draconian Earth Elementalist began the
                  | quest for the Orb.
     0 | D:1      | Reached XP level 1. HP: 14/14 MP: 3/3
   460 | D:1      | Reached XP level 2. HP: 19/20 MP: 5/5
  1047 | D:1      | Reached XP level 3. HP: 23/26 MP: 6/6
  1663 | D:2      | Reached skill level 4 in Earth Magic
  2153 | D:2      | Found a faded altar of an unknown god.
  2362 | D:2      | Reached XP level 4. HP: 12/33 MP: 0/8
  3088 | D:3      | Noticed a scorpion
  3095 | D:3      | Succumbed to a scorpion's poison

Illustrated notes

Levels and vault maps discovered:
D:1:      wander_arrival_peaceful_grave, layout_basic
D:2:      layout_basic, hellmonk_ecumenical_altar_run_dry
D:3:      layout_loops_cross

Skill      XL: |  1  2  3  4 |
---------------+-------------+-----
Earth Magic    | 4 |  4.6
Spellcasting   | 3 |  3.0
Dodging        | |  1.7
Stealth        | |  1.7
Transmutations | |  1.0

Action                   |  1- 3 |  4- 6 || total
-------------------------+-------+-------++-------
Melee: Short sword       |   171 |    10 ||   181
       Unarmed           |     5 |       ||     5
       Tailslap          |     7 |     4 ||    11
       Whip              |       |     5 ||     5
 Cast: Sandblast         |    19 |     6 ||    25
 Stab: Sleeping          |     3 |     1 ||     4
Armor: Skin              |    56 |     5 ||    61
Dodge: Dodged            |   146 |    15 ||   161

Table legend: (Time is in decaauts)
 A = Elapsed time spent in this place.
 B = Non-inter-level travel time spent in this place.
 C = Inter-level travel time spent in this place.
 D = Time resting spent in this place.
 E = Time spent auto-exploring this place.
 F = Levels seen in this place.
 G = Mean time per level.
                   A        B        C        D        E       F      G
               +--------+--------+--------+--------+--------+-----+--------+
         Total |   3111 |   3049 |     62 |      0 |   2656 |   3 | 1037.0 |
       Dungeon |   3111 |   3049 |     62 |      0 |   2656 |   3 | 1037.0 |
               +--------+--------+--------+--------+--------+-----+--------+

Top non-repeatable levels by time:
     D:1: 1540 daAuts
     D:2: 1391 daAuts
     D:3: 179 daAuts
